 Dungeon Crawl Stone Soup version 0.25.0-46-gbd7b0854d2 (webtiles) character file.

Game seed: 9773050661641726566

935 Gwenloh the Slasher (level 8, 0/62 HPs)
             Began as a Human Fighter on July 15, 2020.
             Succumbed to a scorpion's poison
             ... on level 5 of the Dungeon.
             The game lasted 00:20:01 (5346 turns).

Gwenloh the Slasher (Human Fighter)                 Turns: 5346, Time: 00:20:03

Health: 0/62       AC: 12    Str: 15 (16) XL:     8   Next: 33%
Magic:  8/8        EV:  8    Int:  6 (8)  God:
Gold:   298        SH: 10    Dex: 17 (20) Spells: 7/7 levels left

rFire    . . .     SeeInvis .   a - +0 long sword
rCold    + . .     Gourm    .   c - +0 kite shield
rNeg     + . .     Faith    +   z - +3 ring mail
rPois    .         Spirit   .   (no helmet)
rElec    .         Reflect  .   e - +2 cloak
rCorr    .         Harm     .   (no gloves)
MR       .....                  (no boots)
Stlth    +.........             D - amulet "Nilugauc" {Faith rC+ rN+ Dex+4}
HPRegen  0.20/turn              (no ring)
MPRegen  0.11/turn              (no ring)

@: lethally poisoned (0 -> -4), stab
A: no striking features
a: no special abilities


You were on level 5 of the Dungeon.
You were not hungry.

You visited 1 branch of the dungeon, and saw 5 of its levels.

You collected 298 gold pieces.

Inventory:

Hand Weapons
 a - a +0 long sword (weapon)
 b - a +0 hunting sling
 t - a +0 rapier
Missiles
 g - 16 poisoned darts (quivered)
 j - 5 atropa-tipped darts
 m - 67 stones
 o - 40 bolts
 u - 4 boomerangs
 y - 19 sling bullets
Armour
 c - a +0 kite shield (worn)
 e - a +2 cloak (worn)
 k - a +0 plate armour
 p - a +0 scale mail
 z - a +3 ring mail (worn)
Jewellery
 D - the amulet "Nilugauc" (around neck) {Faith rC+ rN+ Dex+4}
   (You found it on level 5 of the Dungeon)

   [amulet of faith]

   It allows you to gain divine favour quickly.
   It affects your dexterity (+4).
   It protects you from cold.
   It protects you from negative energy.
Wands
 v - a wand of disintegration (6)
 C - a wand of flame (12)
Scrolls
 d - 4 scrolls of identify
 i - 4 scrolls of remove curse
 l - 4 scrolls of immolation
 r - a scroll of amnesia
 s - 2 scrolls of teleportation
 E - 2 scrolls of enchant armour {unknown}
Potions
 h - a potion of stabbing
 A - a potion of degeneration
Comestibles
 f - 9 rations
 B - 2 chunks of flesh


   Skills:
 + Level 5.0 Fighting
 * Level 6.0 Long Blades
 + Level 5.0 Armour
 + Level 4.9 Shields


You had 7 spell levels left.
You didn't know any spells.
Your spell library contained the following spells:

 Spells                   Type           Power        Failure   Level  Hunger
 Confusing Touch          Hex            #.......     100%        3    ####...
 Gell's Gravitas          Tloc           #.........   100%        3    ####...
 Petrify                  Tmut/Erth      #.......     100%        4    #####..
 Metabolic Englaciation   Hex/Ice        #.........   100%        5    ######.
 Yara's Violent Unravell  Hex/Tmut       #.........   100%        5    ######.


Dungeon Overview and Level Annotations

Branches:
Dungeon (5/15)
 Temple: D:4-7

Altars:
Makhleb
Qazlal
Sif Muna

Shops:
D:4 *


Message History

You feel sick.
A leopard gecko comes into view.
The leopard gecko hisses angrily.
A jackal comes into view.
The jackal barks!
Found five items.
Found a stone staircase leading down.
A jackal comes into view.
* * * LOW HITPOINT WARNING * * *
You feel sick.
The jackal barks!
* * * LOW HITPOINT WARNING * * *
You feel sick. The leopard gecko misses you.
You riposte.
You hit the leopard gecko.
You kill the leopard gecko!
You see here 2 metallic yellow potions.
h - 2 metallic yellow potions The jackal bites you but does no damage.
It was a potion of stabbing.
You feel ready to backstab.
You die...

#.# #.#
##.# ###..#
###...:#
#......##
#....h..##
#....h@..#
........>.#
..%.......#
.......?.)#
######....#
#...##
#...# #....


You could see 2 jackals.

Vanquished Creatures
  2 centaurs (D:5)
  2 scorpions
  A hound (D:5)
  3 orc priests
  A bullfrog skeleton (D:5)
  6 orc wizards
  3 worker ants
  6 adders
  8 gnolls
  A shadow imp (D:5)
  An ooze (D:1)
  4 worms
  3 dart slugs (D:1)
  3 leopard geckos
  26 orcs
  9 bats
  5 giant cockroaches
  10 goblins
  10 hobgoblins
  A jackal (D:1)
  7 kobolds
  A quokka (D:3)
  3 ball pythons
  7 frilled lizards
  5 rats
128 creatures vanquished.

Notes
Turn   | Place    | Note
-------+----------+-------------------------------------------
     0 | D:1      | Gwenloh the Human Fighter began the quest for the Orb.
     0 | D:1      | Reached XP level 1. HP: 18/18 MP: 1/1
    78 | D:1      | Reached XP level 2. HP: 24/24 MP: 2/2
   395 | D:1      | Reached XP level 3. HP: 24/29 MP: 3/3
  1163 | D:2      | Reached skill level 3 in Long Blades
  1163 | D:2      | Reached XP level 4. HP: 30/35 MP: 4/4
  1354 | D:2      | Reached XP level 5. HP: 40/41 MP: 5/5
  2191 | D:3      | Found a shimmering blue altar of Sif Muna.
  2337 | D:2      | Reached XP level 6. HP: 36/48 MP: 6/6
  2365 | D:3      | Reached skill level 4 in Long Blades
  3285 | D:4      | Found Ugienerr's Assorted Antiques.
  3626 | D:4      | Reached XP level 7. HP: 38/54 MP: 7/7
  3915 | D:4      | Reached skill level 5 in Long Blades
  4420 | D:4      | Found a stormy altar of Qazlal.
  4421 | D:4      | Found a burning altar of Makhleb.
  4486 | D:5      | Entered Level 5 of the Dungeon
  4869 | D:5      | Got an ancient brass amulet
  5031 | D:5      | Reached XP level 8. HP: 39/61 MP: 8/8
  5329 | D:5      | Reached skill level 5 in Fighting
  5333 | D:5      | Identified the amulet "Nilugauc" {Faith rC+ rN+ Dex+4} (You
                  | found it on level 5 of the Dungeon)
  5337 | D:5      | Reached skill level 6 in Long Blades
  5337 | D:5      | Reached skill level 5 in Armour
  5341 | D:5      | HP: 3/62 [poisoned by a scorpion]
  5343 | D:5      | HP: 1/62 [poisoned by a scorpion]
  5346 | D:5      | Succumbed to a scorpion's poison

Illustrated notes

Levels and vault maps discovered:
D:1:      dpeg_arrival_refuge, layout_loops_ring, minmay_hexomino_f4
D:2:      layout_rooms
D:3:      layout_basic, lemuel_round_altar, first_ration, grunt_decor_fettered
D:4:      layout_cave_pools, nicolae_overflow_hidden_temple,
          serial_column_ruins, column_ruins_corridor_dead_end,
          column_ruins_open_small, column_ruins_open_small, column_ruins_grid_4,
          column_ruins_corridor_T, serial_shops, shop, abandoned_shop,
          minmay_bisected
D:5:      layout_rooms, temple_doors_e, kennysheep_minor_cross

Skill      XL: |  1  2  3  4  5  6  7  8 |
---------------+-------------------------+-----
Long Blades    | 3 4 5 6 |  6.0
Fighting       | 4 5 |  5.0
Armour         | 4 5 |  5.0
Shields        | 4 |  4.9

Action                   |  1- 3 |  4- 6 |  7- 9 || total
-------------------------+-------+-------+-------++-------
Melee: Long sword        |    91 |   196 |   142 ||   429
 Fire: Hunting sling     |       |    94 |    54 ||   148
Throw: Dart              |    16 |    19 |     3 ||    38
Evoke: Wand              |       |       |     3 ||     3
  Use: Scroll            |     1 |       |     6 ||     7
       Potion            |       |     2 |     5 ||     7
  Eat: Chunk             |     1 |     8 |     6 ||    15
Armor: Scale mail        |    34 |    91 |    40 ||   165
       Ring mail         |       |       |    61 ||    61
Dodge: Dodged            |    21 |    95 |    53 ||   169
Block: Kite shield       |    37 |   126 |    88 ||   251
       Rpst.: Long sword |     7 |    21 |    15 ||    43
